[ PARTIDA AOE2 · #505207032 ]
UnrankedMuiscas vs Mongols
Equipo del jugador · VICT
Equipo rival · DERR
[ ANÁLISIS DE REPETICIÓN · EXTRAÍDO DE LA PARTIDA GRABADA ]
Feudal
11:49
Castillos
—
Imperial
—
| APM promedio | 51.8 |
| APM pico | 85 |
| eAPM promedio | 23.3 |
| Aldeanos / militares | 35 / 3 |
Foco
⚔️ 36.6% · 🌾 63.4%
Unknown (2550) ×10 · Spearman ×3
Feudal
8:31
Castillos
—
Imperial
—
| APM promedio | 42.8 |
| APM pico | 87 |
| eAPM promedio | 20.3 |
| Aldeanos / militares | 43 / 8 |
Foco
⚔️ 35.0% · 🌾 65.0%
Scout Cavalry ×8
Mapa de la partida
Recursos iniciales + cada clic de construcción. Líneas = muros · curvas = relieve. ◆ oro · ⬟ piedra · ● bayas · ✦ reliquia · ◌ hueco del cierre
Tu base· ✓ Cerrada en 12:00 · 66t muro · sin puerta
Base de chanchanvn· ✓ Cerrada en 12:00 · 31t muro · 1 puerta(s)
Terreno inicial suavizado · ◌ = hueco del cierre detectado · pasá el cursor para detalles
Inputs por minuto
— [DGLOS] DyouDi - - chanchanvn
Build order — [DGLOS] DyouDi
93 acciones detectadas en el replay
| 0:00 | Crear | Villager (Male) |
| 0:00 | Crear | Villager (Male) |
| 0:01 | Construir | House |
| 0:02 | Construir | House |
| 0:04 | Crear | Villager (Male) |
| 0:04 | Crear | Villager (Male) |
| 0:05 | Crear | Villager (Male) |
| 1:26 | Crear | Villager (Male) |
| 2:00 | Crear | Villager (Male) |
| 2:11 | Crear | Villager (Male) |
| 2:19 | Construir | Settlement |
| 2:52 | Crear | Villager (Male) |
| 2:53 | Crear | Villager (Male) |
| 2:53 | Crear | Villager (Male) |
| 3:28 | Crear | Villager (Male) |
| 3:28 | Crear | Villager (Male) |
| 3:33 | Construir | House |
| 3:33 | Construir | House |
| 3:35 | Construir | Palisade Wall |
| 3:38 | Crear | Villager (Male) |
| 3:39 | Crear | Villager (Male) |
| 4:09 | Crear | Villager (Male) |
| 4:25 | Crear | Villager (Male) |
| 4:26 | Crear | Villager (Male) |
| 5:12 | Crear | Villager (Male) |
| 5:12 | Crear | Villager (Male) |
| 5:13 | Crear | Villager (Male) |
| 5:20 | Crear | Villager (Male) |
| 5:28 | Construir | Barracks |
| 5:43 | Crear | Villager (Male) |
| 6:01 | Construir | House |
| 6:45 | Construir | Settlement |
| 6:48 | Crear | Villager (Male) |
| 6:52 | Crear | Unit 2550 |
| 6:52 | Crear | Unit 2550 |
| 7:03 | Crear | Villager (Male) |
| 7:21 | Crear | Villager (Male) |
| 7:50 | Crear | Unit 2550 |
| 8:08 | Construir | House |
| 8:25 | Construir | Farm |
| 8:28 | Investigar | Loom |
| 8:49 | Construir | House |
| 8:51 | Construir | Palisade Wall |
| 8:53 | Construir | Palisade Wall |
| 8:54 | Construir | Palisade Wall |
| 9:04 | Construir | Palisade Wall |
| 9:09 | Construir | Palisade Wall |
| 9:14 | Crear | Villager (Male) |
| 9:18 | Construir | Palisade Wall |
| 9:21 | Construir | Palisade Wall |
| 9:38 | Investigar | Feudal Age |
| 9:44 | Crear | Unit 2550 |
| 10:10 | Construir | Palisade Wall |
| 10:15 | Construir | Farm |
| 10:24 | Crear | Unit 2550 |
| 10:38 | Construir | Palisade Wall |
| 10:49 | Construir | House |
| 11:02 | Crear | Unit 2550 |
| 11:17 | Crear | Unit 2550 |
| 11:23 | Construir | Palisade Wall |
| 11:25 | Crear | Villager (Male) |
| 11:40 | Construir | House |
| 11:41 | Construir | House |
| 11:49 | Edad | Edad Feudal |
| 11:52 | Investigar | Tech 1402 |
| 11:56 | Construir | Blacksmith |
| 12:13 | Crear | Villager (Male) |
| 12:16 | Construir | Palisade Gate |
| 12:25 | Construir | Palisade Wall |
| 12:27 | Crear | Villager (Male) |
| 12:33 | Crear | Unit 2550 |
| 12:36 | Investigar | Tech 1402 |
| 12:42 | Crear | Villager (Male) |
| 12:44 | Construir | House |
| 12:46 | Construir | House |
| 12:51 | Crear | Villager (Male) |
| 12:57 | Crear | Spearman |
| 12:57 | Crear | Spearman |
| 13:15 | Investigar | Double-Bit Axe |
| 13:15 | Investigar | Double-Bit Axe |
| 13:24 | Investigar | Forging |
| 13:37 | Investigar | Horse Collar |
| 13:54 | Crear | Unit 2550 |
| 13:56 | Crear | Spearman |
| 14:10 | Construir | Farm |
| 14:11 | Construir | Farm |
| 14:13 | Crear | Villager (Male) |
| 14:17 | Construir | Farm |
| 14:41 | Crear | Unit 2550 |
| 14:48 | Crear | Villager (Male) |
| 14:49 | Construir | Farm |
| 14:52 | Construir | Farm |
| 14:54 | Crear | Villager (Male) |
Build order — chanchanvn
100 acciones detectadas en el replay
| 0:00 | Crear | Villager (Male) |
| 0:00 | Crear | Villager (Male) |
| 0:02 | Construir | House |
| 0:04 | Construir | House |
| 0:18 | Crear | Villager (Male) |
| 0:20 | Crear | Villager (Male) |
| 1:25 | Crear | Villager (Male) |
| 1:49 | Construir | Lumber Camp |
| 2:01 | Crear | Villager (Male) |
| 2:02 | Crear | Villager (Male) |
| 2:17 | Crear | Villager (Male) |
| 2:51 | Crear | Villager (Male) |
| 2:51 | Crear | Villager (Male) |
| 3:18 | Crear | Villager (Male) |
| 3:51 | Crear | Villager (Male) |
| 3:51 | Crear | Villager (Male) |
| 3:51 | Crear | Villager (Male) |
| 3:53 | Construir | House |
| 4:25 | Construir | Mill |
| 4:39 | Crear | Villager (Male) |
| 4:40 | Crear | Villager (Male) |
| 4:40 | Crear | Villager (Male) |
| 4:40 | Crear | Villager (Male) |
| 4:57 | Crear | Villager (Male) |
| 4:58 | Crear | Villager (Male) |
| 5:06 | Crear | Villager (Male) |
| 5:08 | Investigar | Loom |
| 6:08 | Investigar | Feudal Age |
| 6:08 | Investigar | Feudal Age |
| 6:32 | Construir | House |
| 6:51 | Construir | Barracks |
| 6:54 | Construir | Palisade Wall |
| 7:13 | Crear | Villager (Male) |
| 7:55 | Crear | Villager (Male) |
| 8:29 | Construir | Palisade Gate |
| 8:31 | Edad | Edad Feudal |
| 8:36 | Construir | Stable |
| 8:42 | Investigar | Double-Bit Axe |
| 8:42 | Investigar | Double-Bit Axe |
| 8:47 | Construir | Palisade Wall |
| 8:52 | Crear | Villager (Male) |
| 8:56 | Construir | Mill |
| 8:59 | Construir | Palisade Wall |
| 9:00 | Construir | Palisade Wall |
| 9:01 | Construir | Palisade Wall |
| 9:02 | Construir | Palisade Wall |
| 9:06 | Crear | Villager (Male) |
| 9:10 | Construir | Palisade Wall |
| 9:17 | Crear | Scout Cavalry |
| 9:21 | Construir | House |
| 9:30 | Construir | Palisade Wall |
| 9:35 | Crear | Scout Cavalry |
| 9:50 | Crear | Scout Cavalry |
| 9:57 | Crear | Scout Cavalry |
| 10:04 | Crear | Villager (Male) |
| 10:04 | Crear | Villager (Male) |
| 10:14 | Construir | Palisade Wall |
| 10:20 | Construir | House |
| 10:36 | Construir | House |
| 10:40 | Crear | Villager (Male) |
| 10:40 | Crear | Villager (Male) |
| 10:43 | Investigar | Horse Collar |
| 10:44 | Investigar | Horse Collar |
| 10:51 | Construir | Farm |
| 10:51 | Crear | Villager (Male) |
| 11:06 | Crear | Scout Cavalry |
| 11:09 | Construir | House |
| 11:10 | Construir | Palisade Wall |
| 11:15 | Construir | Farm |
| 11:17 | Construir | Farm |
| 11:26 | Crear | Villager (Male) |
| 11:29 | Construir | Farm |
| 11:30 | Crear | Villager (Male) |
| 11:38 | Construir | Farm |
| 11:56 | Construir | House |
| 11:58 | Construir | Palisade Wall |
| 12:04 | Crear | Scout Cavalry |
| 12:08 | Construir | Farm |
| 12:21 | Crear | Villager (Male) |
| 12:25 | Construir | Farm |
| 12:40 | Crear | Villager (Male) |
| 12:41 | Crear | Villager (Male) |
| 12:45 | Construir | Farm |
| 12:53 | Crear | Scout Cavalry |
| 13:13 | Construir | Farm |
| 13:17 | Crear | Villager (Male) |
| 13:26 | Crear | Villager (Male) |
| 13:27 | Construir | Farm |
| 13:29 | Construir | Farm |
| 13:29 | Crear | Villager (Male) |
| 13:33 | Construir | Farm |
| 13:55 | Crear | Villager (Male) |
| 13:57 | Construir | Farm |
| 14:02 | Construir | Farm |
| 14:02 | Crear | Villager (Male) |
| 14:09 | Crear | Scout Cavalry |
| 14:10 | Crear | Villager (Male) |
| 14:43 | Crear | Villager (Male) |
| 14:49 | Construir | Mining Camp |
| 14:50 | Crear | Villager (Male) |
Cronología de la partida
| 3:35 | [DGLOS] DyouDi · wall_segment Palisade Wall x1 |
| 5:28 | [DGLOS] DyouDi · first_building Barracks |
| 6:51 | chanchanvn · first_building Barracks |
| 6:54 | chanchanvn · wall_segment Palisade Wall x2 |
| 8:31 | chanchanvn · age_up feudal |
| 8:36 | chanchanvn · first_building Stable |
| 8:47 | chanchanvn · wall_segment Palisade Wall x1 |
| 8:51 | [DGLOS] DyouDi · wall_segment Palisade Wall x4 |
| 8:53 | [DGLOS] DyouDi · wall_segment Palisade Wall x6 |
| 8:54 | [DGLOS] DyouDi · wall_segment Palisade Wall x4 |
| 8:59 | chanchanvn · wall_segment Palisade Wall x3 |
| 9:00 | chanchanvn · wall_segment Palisade Wall x1 |
| 9:01 | chanchanvn · wall_segment Palisade Wall x1 |
| 9:02 | chanchanvn · wall_segment Palisade Wall x3 |
| 9:04 | [DGLOS] DyouDi · wall_segment Palisade Wall x7 |
| 9:09 | [DGLOS] DyouDi · wall_segment Palisade Wall x14 |
| 9:10 | chanchanvn · wall_segment Palisade Wall x1 |
| 9:18 | [DGLOS] DyouDi · wall_segment Palisade Wall x16 |
| 9:21 | [DGLOS] DyouDi · wall_segment Palisade Wall x11 |
| 9:30 | chanchanvn · wall_segment Palisade Wall x5 |
| 10:10 | [DGLOS] DyouDi · wall_segment Palisade Wall x5 |
| 10:14 | chanchanvn · wall_segment Palisade Wall x1 |
| 10:38 | [DGLOS] DyouDi · wall_segment Palisade Wall x1 |
| 11:10 | chanchanvn · wall_segment Palisade Wall x9 |
| 11:23 | [DGLOS] DyouDi · wall_segment Palisade Wall x1 |
| 11:49 | [DGLOS] DyouDi · age_up feudal |
| 11:58 | chanchanvn · wall_segment Palisade Wall x5 |
| 12:25 | [DGLOS] DyouDi · wall_segment Palisade Wall x3 |
| 14:59 | chanchanvn · resign |
[ ANÁLISIS IA · 1 CRÉDITO ]
¿Qué pasó realmente en esta partida?
Wolo.gg analiza cada decisión: build order, eco, micro, errores típicos por bracket. Análisis personalizado por WhatsApp o Discord en 30 segundos.
Guía civ
Muiscas
Perfil
Jugador #626567